Map: Torches LE

Players

ManlyManMeat - Winner!

  • Race: Zerg Zerg
  • League: Diamond
  • Spawn Location: 1:00

VOD

Have the link to the VOD?

Description

Time

  • Played on: June 22, 2025, 6:12 p.m.
  • Length: 9:44
Show
View Real Time Build Order
Export as new Build Order

ManlyManMeat Zerg - Winner!

Build Orders:  

Get SALT Encoding   

  12  0:00  Drone  
  13  0:11  Drone  
  14  0:22  Drone, Extractor  
  15  0:52  Overlord  
  15  1:03  Hatchery  
  14  1:19  Drone x3  
  17  1:38  Drone  
  18  1:47  Spawning Pool  
  18  1:49  Extractor  
  16  1:52  Drone  
  17  2:04  Drone  
  18  2:22  Drone  
  19  2:47  Drone  
  20  2:50  Drone x2  
  20  2:53  Queen  
  20  2:54  Queen  
  26  3:06  Overlord  
  26  3:12  Zergling x2  
  26  3:14  Zergling x2  
  28  3:31  Overlord  
  28  3:34  Drone  
  29  3:56  Drone x3  
  32  4:09  Metabolic Boost  
  32  4:23  Drone x2  
  32  4:24  Drone x2  
  36  4:32  Baneling Nest, Evolution Chamber  
  34  4:56  Hatchery  
  34  4:57  Zergling x10  
  38  5:12  Zerg Melee Weapons Level 1  
  38  5:14  Drone  
  38  5:15  Drone  
  38  5:17  Overlord  
  40  5:28  Overlord  
  40  5:35  Queen  
  42  5:42  Baneling  
  42  5:44  Baneling x2  
  42  5:45  Baneling  
  42  5:46  Baneling  
  42  5:52  Zergling x12  
  47  6:18  Zergling x6  
  47  6:19  Zergling x8  
  50  6:36  Zergling x2  
  50  6:37  Zergling x2  
  51  6:45  Zergling x6  
  54  6:52  Drone  
  54  6:55  Evolution Chamber  
  54  6:56  Baneling x2  
  54  6:57  Baneling x4  
  54  7:01  Zergling x2  
  54  7:02  Zergling x2  
  56  7:10  Zergling x4  
  56  7:12  Overlord  
  55  7:32  Zergling x14  
  55  7:37  Zergling x4  
  58  7:48  Zergling x2  
  53  8:16  Zergling x24  
  58  8:29  Baneling  
  56  8:30  Baneling  
  56  8:32  Baneling  
  56  8:33  Zergling x6  
  59  8:40  Baneling x2  
  59  8:41  Baneling x3  
  52  9:17  Zergling x20  
Tags
 
League
Diamond
Matchup
Co-op
Replay Pack
Myownreplay2
Add a new tag
Caveats
  • Supply blocks, unpowered buildings, or Contaminate may cause inaccurate times.
  • Supply counts are checked every 10 seconds.